Unix NetHack Version 5.0.0-0 post-release - last build Jun 10 2026 00:39:30 (3ee93aec679c4c4259841fe613dc97188e26a321,branch:main).

Game began 2026-06-15 02:07:30, ended 2026-06-15 18:20:23.

Brudee, chaotic female human Rogue

                          --------------------------
                          |..%.....%%.*...%)...[..>|
                          |.----------------.......|
                          |.|         ------%-------
                          |.|         |%..........|
                          |.|         |...........|
                          |[|         |----.--------
                          |%|         |............|
                          |v|         |............|
                          |.|------   --------.-----
                          |.|.$...|--  |..........|
                          |.|.....-.|  |..........|
                          |.|)....|-|  --.......0.|
                          |.%.....-.|   ----.-------
                          --|.....|-|     |.....%..|
                            |.....-?|     |....%.0%|
                            |.....|--     ------...|
                            -------            -----
Brudee the Pilferer     St:18 Dx:17 Co:15 In:7 Wi:13 Ch:13  Chaotic S:58518
Dlvl:4  $:0  HP:0(91) Pw:52(61) AC:-10 Xp:11/15755 T:16150 

Latest messages:
 You destroy the gnome mummy!
 The dog bites the quasit.
 The quasit hits the dog.
 The quasit hits the dog.
 The quasit bites the dog.
 You see here a mummy wrapping.
 The dog misses the quasit.
 The lizard bites!
 You hit the lizard!
 The dog picks up a worthless piece of red glass.
 The dog bites the quasit.
 The quasit misses the dog.
 The quasit misses the dog.
 The quasit misses the dog.
 You hit the lizard!
 You kill the lizard!
 The dog misses the quasit.
 The dog bites the quasit.
 The quasit misses the dog.
 The quasit hits the dog.
 The quasit misses the dog.
 You see here a lizard corpse.
 The dog bites the quasit.
 The quasit is killed!
 Your dog eats a quasit corpse.
 The energy vortex engulfs you!
 The air around you crackles with electricity.
 You hit the energy vortex.
 You are jolted with electricity!
 The air around you crackles with electricity.
 You feel your magical energy drain away.
 What do you want to drink? [qvw or ?*] ?
 You feel better.
 The air around you crackles with electricity.
 You get expelled!
 You see here a lizard corpse.
 The energy vortex misses!
 The energy vortex touches you!
 You get zapped!
 The energy vortex misses!
 The ettin zombie misses!
 The ettin zombie hits!
 The energy vortex engulfs you!
 The air around you crackles with electricity.
 You feel your magical energy drain away.
 You hit the energy vortex.
 You are jolted with electricity!
 You die...
 Do you want your possessions identified? [ynq] (y) y
 Do you want to see your attributes? [ynq] (y) q

Inventory:
 Weapons  (')')
  M - the blessed +1 Sting (at the ready)
  L - the blessed rustproof +3 Dragonbane (weapon in left hand)
 Armor    ('[')
  A - a cursed burnt -1 elven leather helm (being worn)
  F - a cursed thoroughly burnt +2 pair of leather gloves (being worn)
  z - a blessed +4 pair of jumping boots (being worn)
  k - an uncursed burnt +3 small shield (being worn)
  D - a blessed burnt +3 robe (being worn)
  u - an uncursed +1 dwarvish mithril-coat (being worn)
 Comestibles  ('%')
  g - an uncursed carrot
  o - an uncursed homemade tin of troll meat
  h - an uncursed lizard corpse
 Scrolls  ('?')
  P - a blessed scroll of fire
  R - a blessed scroll of identify
  l - an uncursed scroll of identify
  j - a scroll of mail
 Potions  ('!')
  v - a cursed potion of levitation
  w - an uncursed potion of see invisible
 Rings    ('=')
  b - an uncursed ring of polymorph control
  X - an uncursed ring of searching
  N - an uncursed ring of see invisible
 Wands    ('/')
  d - a wand of create monster (0:9)
  O - a wand of lightning (0:3)
  a - a wand of locking (0:6)
  V - a wand of magic missile (0:7)
  U - a wand of magic missile (0:6)
  S - a wand of opening (0:5)
  G - a cursed wand of polymorph (0:4)
 Tools    ('(')
  i - a blessed bag of holding containing 78 items
  r - an uncursed blindfold
  e - an uncursed lock pick
  Q - a +0 unicorn horn
 Gems/Stones  ('*')
  t - a blessed luckstone

Contents of the bag of holding:
  9962 gold pieces
  a +0 crossbow bolt
  4 cursed -2 daggers
  a cursed -2 elven dagger
  the fireproof +3 Orcrist
  an uncursed +3 helmet
  a cursed -2 pair of levitation boots
  an uncursed slime mold
  an uncursed candy bar labeled "Fruity Oaty"
  2 uncursed cloves of garlic
  5 cursed food rations
  an uncursed lembas wafer
  6 cursed oranges
  a cursed partly eaten orange
  5 uncursed tripe rations
  2 uncursed tins of elf meat
  an uncursed tin of rock piercer meat
  a cursed tin of violet fungus
  an uncursed lizard corpse
  an uncursed scroll of blank paper
  a cursed scroll of confuse monster
  3 uncursed scrolls of earth
  an uncursed scroll of gold detection
  a cursed scroll of gold detection
  an uncursed scroll of light
  an uncursed scroll of punishment
  a cursed scroll of punishment
  an uncursed scroll of taming
  an uncursed spellbook of finger of death
  a cursed potion of acid
  a cursed potion of booze
  a blessed potion of confusion
  a cursed potion of enlightenment
  an uncursed potion of fruit juice
  an uncursed potion of gain ability
  a cursed potion of invisibility
  an uncursed potion of levitation
  2 uncursed potions of monster detection
  an uncursed potion of polymorph
  a blessed potion of see invisible
  an uncursed potion of sickness
  an uncursed potion of sleeping
  a blessed potion of speed
  a potion of holy water
  2 potions of unholy water
  an uncursed ring of conflict
  an uncursed ring of levitation
  a cursed ring of polymorph
  an uncursed ring of see invisible
  an uncursed ring of teleportation
  a wand of digging (0:5)
  a wand of digging (0:4)
  a wand of digging (0:3)
  a wand of digging (0:1)
  a blessed wand of speed monster (0:7)
  a cursed wand of speed monster (0:1)
  an empty uncursed sack
  an uncursed wooden harp
  a cursed can of grease (0:4)
  a blessed oil lamp
  a +0 pick-axe
  an uncursed tin opener
  a cursed tin whistle
  a cursed tin whistle
  a tinning kit (0:65)
  an uncursed towel
  an uncursed partly used wax candle
  an uncursed agate stone
  2 uncursed amethyst stones
  an uncursed aquamarine stone
  2 uncursed dilithium crystals
  6 uncursed emeralds
  a cursed opal
  an uncursed ruby
  2 uncursed worthless pieces of orange glass
  2 cursed worthless pieces of orange glass
  2 uncursed worthless pieces of violet glass
  5 uncursed worthless pieces of yellow glass

Brudee the Rogue's attributes:

Background:
 You were a Pilferer, a level 11 female human Rogue.
 You were chaotic, on a mission for Kos
 who was opposed by Issek (lawful) and Mog (neutral).
 You were left-handed.
 You were in Sokoban, on level 4.
 You entered the dungeon 16150 turns ago.
 There was a new moon in effect when your adventure ended.
 You had 15755 experience points, 4245 more were needed to attain level 12.
 Your score was 58518 before end-of-game adjustments.

Basics:
 You had 0 out of 91 hit points.
 You had 52 out of 61 energy points (spell power).
 Your armor class was -10.
 Your wallet was empty, but
 you had 9962 zorkmids stashed away in your pack.
 Autopickup was on for '$!=+?/"' plus thrown.

Final Characteristics:
 Your strength was 18 (limit:18/100).
 Your dexterity was 17 (peak:18, limit:18).
 Your constitution was 15 (limit:18).
 Your intelligence was 7 (limit:18).
 Your wisdom was 13 (limit:18).
 Your charisma was 13 (limit:18).

Final Status:
 You were engulfed by the energy vortex.
 You weren't hungry.
 You were unencumbered.
 You were wielding a broadsword.
 You were skilled in broadsword.

Final Attributes:
 You were piously aligned.
 You were cold resistant.
 You were poison resistant.
 You were telepathic.
 You had automatic searching.
 You were stealthy.
 You could jump.
 You were guarded.
 Your spell casting was impaired by metallic armor, mitigated by your robe.
 You had reflection.
 You were extremely lucky.
 You had extra luck.
 Good luck did not time out for you.
 You are dead.

Miscellaneous:
 You encountered 2 bones levels.
 Total elapsed playing time was 3 hours, 33 minutes and 39 seconds.

Major events:
 Turn
    1: Brudee the chaotic female human Rogue entered the dungeon
 1515: attained the rank of Cutpurse (level 3)
 2002: chose an elven dagger to be named "Sting"
 3558: attained the rank of Rogue (level 6)
 4252: entered the Gnomish Mines
 4607: reached Mine Town
 6077: acquired the Mines' End luckstone
 9730: was bestowed with Dragonbane by Kos
 9802: was bestowed with Orcrist by Kos
10341: attained the rank of Pilferer (level 10)
12772: entered Sokoban
13073: completed 1st Sokoban level
13493: completed 2nd Sokoban level
14176: completed 3rd Sokoban level
15396: completed 4th Sokoban level
16150: killed by an energy vortex

Spells:
 Name                 Level Category     Fail Retention
 knock                  1   matter        86%   26%-50%
 healing                1   healing       86%   26%-50%
 clairvoyance           3   divination   100%   51%-75%

Skills:
 Fighting Skills
   bare handed combat [Unskilled]
   two weapon combat  [Unskilled]
   riding             [Unskilled]
 Weapon Skills
   dagger             [Expert]
   knife              [Unskilled]
   short sword        [Basic]
   broadsword         [Skilled]
   long sword         [Unskilled]
   two-handed sword   [Unskilled]
   saber              [Unskilled]
   club               [Unskilled]
   mace               [Unskilled]
   morning star       [Unskilled]
   flail              [Unskilled]
   hammer             [Unskilled]
   polearms           [Unskilled]
   spear              [Unskilled]
   crossbow           [Unskilled]
   dart               [Unskilled]
   shuriken           [Unskilled]
 Spellcasting Skills
   divination spells  [Unskilled]
   escape spells      [Unskilled]
   matter spells      [Unskilled]

Voluntary challenges:
 Character rerolling was not enabled.
 You never genocided any monsters.
 You never polymorphed an object.
 You never changed form.
 You used no wishes.
 You did not violate any of the special Sokoban rules.
Achievements:
 You entered a shop.
 You attained the rank of Cutpurse.
 You attained the rank of Rogue.
 You entered the Gnomish Mines.
 You entered Minetown.
 You entered a temple.
 You completed the Gnomish Mines.
 You attained the rank of Pilferer.
 You entered Sokoban.

 The Dungeons of Doom: levels 1 to 11
    Level 1:
    Level 2:
       A fountain.
       Stairs down to The Gnomish Mines.
    Level 3:
       A general store.
    Level 4:
       An altar to Kos, a fountain.
    Level 5:
       An altar to Kos.
       Final resting place for
          pusheen22-Val-Hum-Fem-Law, killed by a manes, while frozen by a floating eye's gaze.
    Level 6:
    Level 7:
       Many fountains.
       Oracle of Delphi.
    Level 8:
       Stairs up to Sokoban, level 7.
    Level 9:
       Some fountains, a grave.
    Level 10:
    Level 11:
 The Gnomish Mines: levels 3 to 10
    Level 3:
    Level 4:
    Level 5:
       Many shops, a temple and an altar, some fountains.
    Level 6:
    Level 7:
    Level 8:
    Level 9:
       A grave.
       Final resting place for
          Soadreqm-Mon-Hum-Mal-Law, killed by a troll.
    Level 10:
 Sokoban: levels 7 up to 4
    Level 4: <- You were here.
       Solved.
       Final resting place for
          you, killed by an energy vortex.
    Level 5:
       Solved.
    Level 6:
       Solved.
    Level 7:
       Solved.


Vanquished creatures:
  a guardian naga
  a frost giant
  2 ghosts
  2 giant mimics
  a zruty
  a doppelganger
  3 large mimics
  2 wumpuses
  a stalker
 an air elemental
 an earth elemental
  4 small mimics
  a glass piercer
  a xan
 an ettin mummy
 an ogre leader
  2 trolls
  a sasquatch
  3 pyrolisks
  a large dog
  a freezing sphere
  a flaming sphere
  a shocking sphere
  a gargoyle
  a dwarf ruler
  2 tengu
  2 ochre jellies
  a leocrotta
 an elf mummy
  2 pit vipers
  a wraith
  a Grey-elf
  2 soldiers
  a crocodile
  a giant beetle
  a quivering blob
  5 cockatrices
  4 wolves
  a winter wolf cub
  2 panthers
  6 leprechauns
  3 orc-captains
 12 giant spiders
  2 black lights
  a forest centaur
  2 gnome rulers
 an orc mummy
  2 dwarf mummies
  8 brown puddings
  3 owlbears
  a yeti
  2 gold golems
  6 lizards
  2 chickatrices
  a dog
  a housecat
  6 jaguars
  a dwarf leader
  2 blue jellies
  a gray unicorn
  3 dust vortices
  3 ravens
  a gnome mummy
  3 snakes
 an ape
  4 human zombies
  2 Woodland-elves
  4 soldier ants
  4 fire ants
  a quasit
  a mountain nymph
  a Mordor orc
  7 Uruk-hai
  3 orc shamans
  3 rock piercers
  a pony
  a fog cloud
  2 yellow lights
  a shrieker
  2 violet fungi
 13 gnome leaders
  8 gnomish wizards
  2 kobold mummies
  a black naga hatchling
  a gray ooze
  2 barrow wights
  6 elf zombies
  2 straw golems
  2 paper golems
  5 giant ants
  a little dog
  4 floating eyes
 20 dwarves
  3 kobold leaders
  a kobold shaman
 10 hill orcs
  4 rothes
  2 centipedes
  4 giant bats
  3 orc zombies
  4 wererats
  a werejackal
  4 iguanas
 20 killer bees
 18 acid blobs
  a coyote
  8 hobbits
  3 manes
  2 large kobolds
  a hobgoblin
  6 giant rats
  2 cave spiders
  a brown mold
  3 yellow molds
  2 red molds
 51 gnomes
 10 garter snakes
  2 gnome zombies
 11 geckos
 15 jackals
  4 foxes
  a kobold
  4 goblins
  4 sewer rats
 10 grid bugs
  4 lichens
  2 kobold zombies
  7 newts
469 creatures vanquished.

No species were genocided or became extinct.

Game over:
                       ----------
                      /          \
                     /    REST    \
                    /      IN      \
                   /     PEACE      \
                  /                  \
                  |      Brudee      |
                  |     9962 Au      |
                  |   killed by an   |
                  |  energy vortex   |
                  |                  |
                  |                  |
                  |       2026       |
                 *|     *  *  *      | *
        _________)/\\_//(\/(/\)/\//\/|_)_______

Goodbye Brudee the Rogue...

You died in Sokoban on dungeon level 4 with 57522 points,
and 9962 pieces of gold, after 16150 moves.
You were level 11 with a maximum of 91 hit points when you died.

